 Dungeon Crawl Stone Soup version 0.16-a0-3544-gf6bfca6 (webtiles) character file.

1994 Minkie the Grappler (level 9, -6/76 HPs)
             Began as a Troll Hunter on Jan 9, 2015.
             Mangled by Joseph
             ... wielding a +3 quarterstaff of protection
              (10 damage)
             ... on level 7 of the Dungeon.
             The game lasted 00:19:20 (4428 turns).

Minkie the Grappler (Troll Hunter)                  Turns: 4428, Time: 00:19:20

Health: -6/76      AC:  5    Str: 22    XL:     9   Next: 1%
Magic:  4/4        EV: 15    Int: 10    God:
Gold:   388        SH:  0    Dex: 10    Spells: 0 memorised, 8 levels left

rFire  + . .     SeeInvis .       - Unarmed
rCold  . . .     Clarity  +     d - +0 animal skin
rNeg   . . .     SustAb   .     (shield restricted)
rPois  .         Gourm    +     (helmet restricted)
rElec  .         Spirit   .     (no cloak)
rCorr  .         Warding  .     (gloves unavailable)
rMut   .         Stasis   .     (boots unavailable)
MR     .....                    u - amulet of clarity
Stlth  +.........               k - ring of protection from fire
                                z - +6 ring of evasion

@: not resistant to hostile enchantments, very unstealthy
A: unfitting armour, claws 3, fast metabolism 3, gourmand, regeneration 2,
shaggy fur 1, tough skin 2
a: no special abilities


You were on level 7 of the Dungeon.
You were very full.

You visited 2 branches of the dungeon, and saw 8 of its levels.

You collected 388 gold pieces.

Inventory:

Missiles
 b - 5 large rocks (quivered)
 c - 2 throwing nets
Armour
 d - a +0 animal skin (worn)
Jewellery
 g - an uncursed ring of positive energy
 k - a ring of protection from fire (right claw)
 o - an uncursed ring of see invisible
 u - an amulet of clarity (around neck)
 v - an uncursed ring of protection from magic
 z - a +6 ring of evasion (left claw)
 C - a cursed ring of wizardry
 F - an uncursed ring of fire
 G - an uncursed ring of teleportation
Magical devices
 y - a wand of draining (5)
 H - a wand of slowing (27)
 K - a wand of heal wounds (4)
Scrolls
 a - 2 scrolls of remove curse
 e - a scroll of fear
 r - a scroll of recharging {unknown}
 s - a scroll of amnesia {unknown}
 A - 2 scrolls of fog {unknown}
 B - a scroll of noise {unknown}
 L - a scroll of holy word {unknown}
 N - a scroll of blinking {unknown}
 P - a scroll of identify
Potions
 h - a potion of heal wounds
 j - 2 potions of haste
 l - a potion of berserk rage
 m - a potion of agility
 n - a potion of cure mutation
 p - a potion of might
 q - 2 potions of flight
 t - a potion of ambrosia {unknown}
 w - a potion of curing {unknown}
 D - a potion of resistance
 I - a potion of magic {unknown}
 M - a potion of poison {unknown}
 O - a potion of brilliance {unknown}
Books
 E - an Akashic Record {highlevel, unknown}

   This book is beyond your current level of understanding.

   Spells                             Type                      Level
   a - Dispersal                      Translocation                6
   b - Controlled Blink               Translocation                7
   c - Malign Gateway                 Summoning/Translocation      7
   d - Disjunction                    Translocation                8
   e - Singularity                    Translocation                9
Comestibles
 f - 7 meat rations
 i - 4 bread rations
 x - 2 chunks of flesh
 J - 2 fruits


   Skills:
 - Level 1.5 Fighting
 - Level 3.6 Throwing
 - Level 1.5 Dodging
 - Level 0.4 Stealth
 * Level 11.5 Unarmed Combat


You had 8 spell levels left.
You didn't know any spells.

Dungeon Overview and Level Annotations

Branches:
Dungeon (7/15)             Temple (1/1) D:4

Altars:
Ashenzari
Cheibriados
Dithmenos
Elyvilon
Fedhas
Gozag
Kikubaaqudgha
Makhleb
Nemelex Xobeh
Okawaru
Qazlal
Ru
Sif Muna
Trog
Vehumet
Yredelemnul
Zin
The Shining One

Shops:
D:7 (

Annotations:
D:7 Joseph


Innate Abilities, Weirdness & Mutations

You are too large for most types of armour.
You have claws for hands.
Your metabolism is lightning-fast.
You like to eat raw meat.
You heal very quickly.
You are covered in fur (AC +1).
You have very tough skin (AC +2).


Message History

Joseph closely misses you.
You scratch Joseph.
Joseph begins to bleed from his wounds!
Joseph is lightly wounded.
You barely miss Joseph.
Joseph is lightly wounded.
Joseph hits you with an uncursed quarterstaff of protection!
You closely miss Joseph.
Joseph is lightly wounded.
Joseph hits you with an uncursed quarterstaff of protection!!
* * * LOW HITPOINT WARNING * * *
You barely miss Joseph.
Joseph is lightly wounded.
You scratch Joseph.
Joseph is lightly wounded.
Joseph hits you with an uncursed quarterstaff of protection!
* * * LOW HITPOINT WARNING * * *
You closely miss Joseph.
Joseph is lightly wounded.
Joseph hits you with an uncursed quarterstaff of protection!
You die...

..# #.#...(.................# ..#
#.#..#################.##
.########.#..######### #.#
..........#........... #.#
############.######### #######.##
.>................... .........)#
....######(#.#<..... #######...
....# #.#(############ #.#. ....#
#.#(.(.@@....... ...#.
...#######.#####################.
...................... .........
...#######.#.....### #########
)..# #.#.......# #
...#######.#.......# #
.....................
.♣.#######.##........ .∩.♣...#
#.##.......


You could see Joseph (bleeding).

Vanquished Creatures
  Pikel (D:7)
  Edmund (D:6)
  Menkaure (D:6)
  A black bear (D:6)
  3 ogres
  A slave (D:7)
  A phantom (D:6)
  A giant frog (D:7)
  3 scorpions
  A crimson imp (D:7)
  A hound (D:6)
  3 orc priests
  A centaur zombie (D:7)
  A centaur skeleton (D:4)
  2 orc wizards (D:5)
  Natasha (thrice) (D:4)
  2 iguanas
  A worker ant (D:7)
  Ijyb (D:4)
  Robin (D:4)
  A worker ant zombie (D:5)
  7 adders
  A shadow imp (D:5)
  A giant mite (D:2)
  2 worms
  2 adder skeletons
  7 giant geckos
  An ooze (D:2)
  21 orcs
  A bat skeleton (D:4)
  4 giant cockroaches
  14 hobgoblins
  7 jackals
  13 kobolds
  7 quokkas
  2 ball pythons
  7 bats
  A giant cockroach zombie (D:6)
  9 giant newts
  19 goblins
  A jackal skeleton (D:7)
  A quokka zombie (D:5)
  15 rats
174 creatures vanquished.

Vanquished Creatures (others)
  A goblin (D:7)
  A rat (D:7)
2 creatures vanquished.

Grand Total: 176 creatures vanquished

Notes
Turn   | Place    | Note
--------------------------------------------------------------
     0 | D:1      | Minkie, the Troll Hunter, began the quest for the Orb.
     0 | D:1      | Reached XP level 1. HP: 19/19 MP: 1/1
    54 | D:1      | Reached skill level 1 in Unarmed Combat
   118 | D:1      | Reached XP level 2. HP: 24/27 MP: 1/1
   675 | D:2      | Reached XP level 3. HP: 22/33 MP: 2/2
   921 | D:2      | Reached XP level 4. HP: 41/41 MP: 2/2
  1343 | D:3      | Reached skill level 4 in Unarmed Combat
  1603 | D:3      | Found a basalt altar of Yredelemnul.
  1641 | D:3      | Found a glowing silver altar of Zin.
  1868 | D:3      | Found an iron altar of Okawaru.
  1868 | D:3      | Found a bloodstained altar of Trog.
  1958 | D:4      | Noticed an ogre
  1967 | D:4      | Killed an ogre
  1967 | D:4      | Reached skill level 5 in Unarmed Combat
  1967 | D:4      | Reached XP level 5. HP: 7/48 MP: 2/2
  2103 | D:4      | Noticed an ogre
  2108 | D:4      | Killed an ogre
  2108 | D:4      | Reached skill level 6 in Unarmed Combat
  2108 | D:4      | Reached XP level 6. HP: 55/55 MP: 3/3
  2288 | D:4      | Noticed Natasha
  2301 | D:4      | Killed Natasha
  2354 | D:4      | Found a staircase to the Ecumenical Temple.
  2377 | Temple   | Entered the Ecumenical Temple
  2596 | D:4      | Found an ancient bone altar of Kikubaaqudgha.
  2622 | D:4      | Reached skill level 7 in Unarmed Combat
  2639 | D:4      | Noticed Natasha
  2649 | D:4      | Killed Natasha
  2695 | D:4      | Noticed Robin
  2726 | D:4      | Killed Robin
  2759 | D:4      | Noticed Natasha
  2766 | D:4      | Killed Natasha
  2820 | D:4      | Noticed Ijyb
  2835 | D:4      | Killed Ijyb
  2835 | D:4      | Reached XP level 7. HP: 56/62 MP: 3/3
  3034 | D:5      | Entered Level 5 of the Dungeon
  3476 | D:5      | Reached skill level 8 in Unarmed Combat
  3845 | D:6      | Noticed Edmund
  3859 | D:6      | Killed Edmund
  3859 | D:6      | Reached skill level 9 in Unarmed Combat
  3859 | D:6      | Reached XP level 8. HP: 64/70 MP: 3/3
  3898 | D:6      | Noticed Menkaure
  3904 | D:6      | Killed Menkaure
  4108 | D:7      | Reached skill level 10 in Unarmed Combat
  4197 | D:7      | Found Cratod's Antique Weapon Emporium.
  4237 | D:7      | Noticed Pikel
  4255 | D:7      | Killed Pikel
  4255 | D:7      | Reached skill level 11 in Unarmed Combat
  4324 | D:7      | Reached XP level 9. HP: 69/76 MP: 4/4
  4418 | D:7      | Noticed Joseph
  4427 | D:7      | HP: 3/76 [Joseph/uncursed quarterstaff of protection (9)]
  4428 | D:7      | Mangled by Joseph

Action                   |  1- 3 |  4- 6 |  7- 9 || total
-------------------------+-------+-------+-------++-------
Melee: Unarmed           |    91 |   242 |   203 ||   536
  Use: Scroll            |       |     7 |     5 ||    12
 Stab: Sleeping          |       |       |     1 ||     1
  Eat: Chunk             |    13 |    18 |    14 ||    45
